 Dungeon Crawl Stone Soup version 0.24.0-2-g5b39cebb1c (webtiles) character file.

Game seed: 14132053506159144722, levelgen mode: deterministic

1107 Mrkan the Chopper (level 8, -15/70 HPs)
             Began as a Minotaur Fighter on Oct 31, 2019.
             Was a Believer of Ru.
             Demolished by a large slime creature (35 damage)
             ... on level 4 of the Dungeon.
             The game lasted 00:10:36 (4701 turns).

Mrkan the Chopper (Minotaur Fighter)                Turns: 4701, Time: 00:10:37

Health: -15/70     AC: 11    Str: 21    XL:     8   Next: 11%
Magic:  7/7        EV:  6    Int:  5    God:    Ru [**....]
Gold:   220        SH: 10    Dex: 12    Spells: 7/7 levels left

rFire    . . .     SeeInvis .   a - +0 war axe
rCold    . . .     Gourm    .   b - +0 shield (curse)
rNeg     . . .     Faith    .   z - +0 chain mail
rPois    .         Spirit   .   (helmet restricted)
rElec    .         Reflect  .   (no cloak)
rCorr    .         Harm     .   B - +0 pair of gloves
MR       .....                  (no boots)
Stlth    ..........             (no amulet)
HPRegen  0.21/turn              (no ring)
MPRegen  0.10/turn              (no ring)

@: no status effects
A: retaliatory headbutt, horns 2, inability to use devices
a: Renounce Religion


You were on level 4 of the Dungeon.
You worshipped Ru.
Ru was pleased with you.
You were very hungry.

You visited 1 branch of the dungeon, and saw 5 of its levels.

You collected 220 gold pieces.

Inventory:

Hand Weapons
 a - a +0 war axe (weapon)
Armour
 b - a cursed +0 shield (worn)
 c - a +0 shield
 z - a +0 chain mail (worn)
 B - a +0 pair of gloves (worn)
Jewellery
 g - an uncursed ring of protection from magic {unknown}
 k - an uncursed ring of ice {unknown}
 C - an uncursed ring of see invisible {unknown}
Scrolls
 h - 5 scrolls of enchant armour {unknown}
 i - 9 scrolls of identify {unknown}
 m - 2 scrolls of blinking {unknown}
 n - 4 scrolls of fog {unknown}
 p - a scroll of immolation {unknown}
 q - 2 scrolls of magic mapping {unknown}
 r - 3 scrolls of teleportation {unknown}
 u - a scroll of remove curse {unknown}
 v - a scroll of amnesia {unknown}
 y - 2 scrolls of enchant weapon {unknown}
Potions
 d - 2 potions of curing {unknown}
 e - a potion of invisibility {unknown}
 j - 2 potions of brilliance {unknown}
 l - 3 potions of haste {unknown}
 o - 3 potions of mutation {unknown}
 s - 2 potions of lignification {unknown}
 t - 5 potions of heal wounds {unknown}
 w - a potion of magic {unknown}
 x - a potion of degeneration {unknown}
Comestibles
 f - 7 rations


   Skills:
 + Level 6.3 Fighting
 * Level 7.6 Axes
 + Level 6.2 Armour
 + Level 6.3 Shields


You had 7 spell levels left.
You didn't know any spells.
Your spell library was empty.

Dungeon Overview and Level Annotations

Branches:
Dungeon (5/15)
 Temple: D:4-7

Altars:
Makhleb
Ru
Xom


Innate Abilities, Weirdness & Mutations

You reflexively headbutt those who attack you in melee.
You have a pair of horns on your head.
You cannot study or use magical devices.


Message History

There is an open door here.
You are feeling very hungry.
You slash the large slime creature!
The large slime creature is lightly wounded.
The large slime creature barely misses you.
You block the large slime creature's attack.
You hit the large slime creature.
The large slime creature is lightly wounded.
The large slime creature hits you!!
You hit the large slime creature.
The large slime creature is lightly wounded.
You block the large slime creature's attack.
There is a stone staircase leading up here.
The large slime creature hits you!
* * * LOW HITPOINT WARNING * * *
You climb upwards.
There is a stone staircase leading down here.
The large slime creature hits you!!
Ouch! That really hurt!
You die...

######## ######### #......#
........####......#########
######............##......#
...# #....................#
...# #....................#
...###...............######
........####.........#
#######.####....@....#
...............J>########
#.#.....########.#......#
#.#.#.#.#### #.#......#
#.#........#####'#......#
#.....#....#............#
#..<..#....#............#
#.#...##..##............####
#.........[#.......#.......#


You could see a large slime creature.

Vanquished Creatures
  3 ogres
  5 big kobolds (D:5)
  2 crimson imps (D:5)
  A jelly (D:4)
  An orc priest (D:4)
  2 orc wizards
  A centaur skeleton (D:5)
  Jessica (D:3)
  An iguana (D:5)
  Natasha (thrice) (D:3)
  7 adders
  3 shadow imps (D:5)
  3 oozes
  A worm (D:3)
  A dart slug (D:1)
  2 leopard geckos
  15 orcs
  11 bats
  4 giant cockroaches
  8 goblins
  8 hobgoblins
  A quokka (D:5)
  A ball python (D:3)
  A ball python skeleton (D:4)
  3 frilled lizards
  A jackal zombie (D:4)
  8 kobolds
  11 rats
109 creatures vanquished.

Vanquished Creatures (others)
  4 fungi (D:5)
  10 toadstools (D:5)
14 creatures vanquished.

Grand Total: 123 creatures vanquished

Notes
Turn   | Place    | Note
-------+----------+-------------------------------------------
     0 | D:1      | Mrkan the Minotaur Fighter began the quest for the Orb.
     0 | D:1      | Reached XP level 1. HP: 19/19 MP: 0/0
   197 | D:1      | Reached XP level 2. HP: 24/27 MP: 1/1
   302 | D:1      | Reached skill level 3 in Axes
   719 | D:2      | Reached XP level 3. HP: 33/33 MP: 2/2
  1080 | D:2      | Found a sacrificial altar of Ru.
  1082 | D:2      | Became a worshipper of Ru the Awakened
  1393 | D:3      | Reached XP level 4. HP: 33/40 MP: 3/3
  1432 | D:3      | Reached skill level 4 in Axes
  1619 | D:3      | Reached XP level 5. HP: 47/47 MP: 4/4
  1732 | D:3      | Noticed Natasha
  1741 | D:3      | Killed Natasha
  1866 | D:3      | Noticed Jessica
  1878 | D:3      | Killed Jessica
  2039 | D:3      | Noticed an ogre
  2415 | D:3      | Noticed Natasha
  2420 | D:3      | Killed Natasha
  2588 | D:3      | Killed an ogre
  2588 | D:3      | Reached skill level 5 in Fighting
  2588 | D:3      | Reached skill level 5 in Axes
  2588 | D:3      | Reached skill level 5 in Shields
  2588 | D:3      | Reached XP level 6. HP: 29/56 MP: 5/5
  2712 | D:3      | Noticed Natasha
  2720 | D:3      | Killed Natasha
  2728 | D:3      | Gained mutation: You cannot study or use magical devices.
                  | [Ru sacrifice]
  2728 | D:3      | Reached * piety under Ru
  2728 | D:3      | Reached ** piety under Ru
  2921 | D:4      | Reached skill level 5 in Armour
  3366 | D:4      | Reached skill level 6 in Axes
  3404 | D:4      | Reached XP level 7. HP: 32/61 MP: 6/6
  3659 | D:5      | Entered Level 5 of the Dungeon
  4212 | D:5      | Found a shimmering altar of Xom.
  4212 | D:5      | Found a burning altar of Makhleb.
  4342 | D:5      | Reached skill level 7 in Axes
  4347 | D:5      | Reached XP level 8. HP: 57/70 MP: 7/7
  4552 | D:5      | Noticed a slime creature
  4552 | D:5      | Noticed a slime creature
  4701 | D:4      | Demolished by a large slime creature

Levels and vault maps discovered:
D:1:      lemuel_arrival_lava_pool, layout_basic
D:2:      layout_rooms, marbit_many_paths, first_ration
D:3:      layout_basic, minmay_misc_feat_chi, grunt_decor_one_mirror,
          uniq_natasha, uniq_jessica
D:4:      layout_basic
D:5:      cheibrodos_fertilizer, layout_basic,
          grunt_temple_overflow_champion_of_chaos, grunt_dithmenos_shadows

Skill      XL: |  1  2  3  4  5  6  7 |
---------------+----------------------+-----
Axes           | 3 4 5 6 7 |  7.6
Fighting       | 4 5 6 |  6.3
Shields        | 4 5 6 |  6.3
Armour         | 4 5 6 |  6.2

Action                   |  1- 3 |  4- 6 |  7- 9 || total
-------------------------+-------+-------+-------++-------
Melee: War axe           |   110 |   120 |    79 ||   309
       Headbutt          |    12 |    13 |    11 ||    36
Invok: Sacrifice Artific |       |     1 |       ||     1
  Use: Potion            |       |     1 |       ||     1
  Eat: Chunk             |     2 |     5 |     1 ||     8
       Ration            |       |       |     1 ||     1
Armor: Scale mail        |    59 |    11 |       ||    70
       Chain mail        |       |    40 |    50 ||    90
Dodge: Dodged            |    42 |    20 |    14 ||    76
Block: Shield            |    67 |    57 |    49 ||   173
